Map: Cyber Forest LE

Players

Serral - Winner!

  • Race: Zerg Zerg
  • League: Grandmaster
  • Spawn Location: 5:00

soO

  • Race: Zerg Zerg
  • Spawn Location: 11:00

Event: HomeStory Cup XIX

VOD

Have the link to the VOD?

Description

Time

  • Played on: June 29, 2019, 8:42 a.m.
  • Length: 18:06

All games in this series

Show
View Real Time Build Order
Export as new Build Order

Serral Zerg - Winner!

Build Orders: Hatch First 

Get SALT Encoding   

  12  0:00  Drone  
  13  0:12  Overlord  
  13  0:17  Drone  
  14  0:31  Drone x2  
  16  0:48  Hatchery  
  15  0:52  Drone  
  15  0:55  Drone  
  17  0:59  Drone  
  18  1:09  Extractor  
  17  1:14  Spawning Pool  
  17  1:17  Drone  
  17  1:20  Drone  
  18  1:28  Drone  
  19  2:00  Zergling x8  
  19  2:01  Queen  
  22  2:02  Queen  
  26  2:12  Zergling x2  
  27  2:17  Overlord  
  27  2:29  Drone  
  28  2:41  Queen  
  30  2:45  Drone  
  31  2:52  Overlord  
  31  2:53  Drone  
  31  2:56  Drone  
  33  3:01  Drone  
  33  3:03  Drone  
  35  3:05  Drone  
  35  3:11  Drone x2  
  38  3:20  Overlord  
  38  3:23  Drone x3  
  41  3:32  Evolution Chamber  
  40  3:34  Overlord  
  40  3:36  Drone  
  40  3:37  Drone  
  42  3:45  Drone  
  43  3:54  Drone  
  43  3:55  Drone, Hatchery  
  43  3:57  Drone  
  43  4:00  Drone  
  43  4:01  Drone  
  46  4:06  Zerg Missile Weapons Level 1  
  46  4:13  Roach Warren  
  46  4:15  Drone x2  
  47  4:20  Drone x2  
  47  4:21  Drone  
  50  4:24  Zergling x2  
  50  4:29  Lair  
  51  4:32  Drone, Extractor x2  
  50  4:39  Drone x4  
  50  4:42  Drone x2  
  55  4:53  Drone x2  
  55  4:54  Drone  
  55  4:55  Drone  
  59  5:01  Overlord x2  
  59  5:08  Drone x2  
  59  5:09  Roach x2  
  59  5:11  Overlord  
  59  5:13  Extractor  
  63  5:15  Roach  
  63  5:18  Overlord  
  63  5:19  Overlord  
  65  5:23  Roach x3  
  65  5:28  Overseer  
  71  5:29  Roach x2  
  71  5:30  Glial Reconstitution  
  71  5:33  Roach  
  77  5:52  Roach x5  
  77  5:53  Overlord  
  77  5:55  Overlord  
  87  6:00  Overseer  
  87  6:02  Drone x2  
  87  6:03  Roach x4  
  97  6:12  Evolution Chamber  
  97  6:13  Overlord  
  97  6:16  Roach x2  
  100  6:20  Roach x2  
  100  6:23  Roach  
  107  6:27  Overlord  
  107  6:29  Roach x3  
  113  6:33  Roach x3  
  113  6:37  Roach x3  
  125  6:45  Roach x4  
  105  6:55  Roach x4  
  105  6:59  Roach  
  95  7:05  Roach x2  
  95  7:08  Roach x2  
  89  7:14  Roach x2  
  87  7:19  Roach x2  
  79  7:23  Roach x2  
  79  7:28  Roach x2  
  73  7:34  Queen  
  73  7:36  Roach  
  77  7:42  Roach  
  77  7:43  Roach x2  
  89  7:51  Roach x3  
  89  7:57  Drone x3  
  92  8:00  Roach  
  92  8:01  Roach  
  96  8:09  Roach x3  
  102  8:14  Queen  
  102  8:17  Ravager  
  102  8:19  Roach x2  
  111  8:27  Roach x3  
  115  8:38  Queen  
  115  8:39  Zerg Missile Weapons Level 2  
  117  8:42  Drone x2  
  117  8:44  Drone  
  117  8:45  Drone  
  117  8:47  Drone  
  122  8:54  Drone x4  
  126  8:57  Overseer, Ravager x2  
  126  9:02  Overlord  
  128  9:09  Drone x6  
  134  9:12  Pneumatized Carapace  
  134  9:13  Extractor  
  133  9:19  Drone x2  
  135  9:25  Overlord  
  135  9:27  Overlord, Roach  
  135  9:28  Roach x2  
  135  9:30  Overlord  
  142  9:31  Ravager x2  
  142  9:36  Roach  
  142  9:38  Overlord  
  145  9:39  Overlord  
  145  9:43  Overlord  
  145  9:51  Roach x3  
  151  9:54  Overlord  
  151  9:55  Overlord  
  151  9:56  Roach x2  
  151  9:57  Ravager  
  151  9:58  Ravager x2  
  158  10:03  Roach x3  
  164  10:09  Roach  
  164  10:10  Roach x3  
  172  10:18  Roach x4  
  172  10:19  Roach  
  182  10:30  Roach x2  
  182  10:35  Roach x3  
  192  10:37  Hatchery  
  192  10:42  Extractor  
  190  10:46  Roach x4  
  198  10:56  Zerg Ground Armor Level 1  
  198  11:03  Overlord  
  198  11:10  Evolution Chamber  
  186  11:18  Roach  
  186  11:19  Roach x5  
  194  11:26  Tunneling Claws  
  194  11:27  Burrow  
  194  11:28  Queen  
  194  11:30  Overseer  
  194  11:47  Overseer, Overlord  
  194  11:49  Roach  
  194  11:50  Roach  
  184  12:02  Roach x4  
  184  12:03  Roach x3  
  197  12:08  Ravager  
  197  12:09  Ravager  
  197  12:14  Ravager  
  199  12:35  Infestation Pit  
  198  12:49  Roach x4  
  198  12:50  Roach  
  198  13:02  Roach x5  
  198  13:05  Hydralisk Den  
  198  13:06  Extractor  
  198  13:07  Drone x3  
  198  13:08  Zerg Ground Armor Level 2  
  198  13:10  Roach  
  198  13:11  Roach  
  198  13:12  Roach  
  199  13:25  Roach x8  
  199  13:31  Roach x2  
  179  13:41  Hydralisk x10  
  179  13:44  Spore Crawler x2  
  179  13:45  Spore Crawler  
  179  13:46  Hydralisk, Hive, Spore Crawler  
  179  13:47  Hydralisk x2  
  199  13:55  Lurker Den  
  199  13:58  Grooved Spines  
  195  14:02  Ravager  
  195  14:03  Roach x2  
  195  14:06  Roach x4  
  199  14:17  Overlord  
  199  14:28  Drone x5  
  195  14:45  Spine Crawler  
  188  14:54  Roach x7  
  188  14:58  Roach x4  
  194  15:10  Muscular Augments  
  194  15:15  Drone  
  194  15:16  Drone x2  
  194  15:17  Drone x2, Spine Crawler  
  194  15:18  Spine Crawler  
  197  15:22  Lurker x2  
  197  15:23  Lurker  
  197  15:24  Zerg Missile Weapons Level 3  
  197  15:28  Adaptive Talons  
  198  15:30  Lurker x2  
  198  15:32  Lurker x2  
  200  15:39  Extractor  
  200  15:41  Hydralisk x4  
  199  15:45  Spore Crawler  
  194  15:53  Overseer  
  194  15:54  Roach x8  
  194  16:02  Hydralisk x3, Roach x22  
  198  16:28  Roach x7  
  190  16:36  Roach  
  190  16:37  Roach x9  
  188  16:40  Hydralisk x4  
  188  16:41  Roach x5  
  194  16:50  Hydralisk x3, Roach x2  
  194  16:51  Roach x3  
  196  16:56  Roach x4  
  196  16:57  Roach x2  
  196  17:01  Hydralisk x4  
  198  17:10  Hydralisk x4  
  199  17:19  Roach  
  193  17:26  Hydralisk  
  193  17:27  Hydralisk x5, Roach x4  
  193  17:28  Roach x2  
  191  17:34  Hydralisk x2  
Show
View Real Time Build Order
Export as new Build Order

soO Zerg 

Build Orders: Pool First 

Get SALT Encoding   

  12  0:17  Spawning Pool  
  11  0:21  Drone  
  11  0:26  Drone  
  13  0:30  Drone  
  14  0:40  Overlord  
  14  1:03  Zergling x4  
  16  1:04  Zergling x2  
  17  1:15  Zergling x2  
  17  1:17  Hatchery  
  17  1:27  Zergling x2  
  18  1:33  Queen  
  18  1:38  Zergling x2  
  21  1:48  Overlord  
  21  1:59  Drone  
  22  2:10  Queen  
  22  2:11  Drone  
  24  2:23  Drone  
  25  2:30  Drone, Queen  
  28  2:37  Drone  
  28  2:40  Drone x2  
  28  2:43  Overlord  
  31  2:45  Drone  
  31  2:48  Drone  
  33  2:52  Drone  
  33  2:57  Drone  
  35  3:03  Drone  
  36  3:06  Drone  
  36  3:12  Drone x2, Overlord  
  39  3:13  Drone  
  39  3:16  Drone  
  39  3:18  Drone  
  42  3:20  Drone  
  42  3:25  Drone, Extractor  
  42  3:26  Extractor  
  42  3:27  Drone  
  42  3:31  Drone  
  42  3:34  Extractor  
  43  3:35  Drone  
  43  3:39  Drone  
  45  3:45  Drone x3  
  45  3:48  Overlord  
  48  3:50  Drone x3  
  51  3:56  Evolution Chamber  
  51  3:58  Drone  
  51  4:06  Lair, Roach Warren  
  51  4:09  Drone  
  51  4:10  Drone  
  51  4:13  Drone  
  51  4:15  Drone  
  54  4:23  Zerg Missile Weapons Level 1  
  54  4:41  Hatchery  
  54  4:43  Overlord  
  53  4:46  Roach x3  
  59  4:55  Overlord  
  59  5:01  Overlord  
  59  5:03  Glial Reconstitution  
  59  5:04  Roach x4  
  67  5:08  Overlord  
  67  5:15  Roach x4  
  67  5:17  Overseer  
  67  5:19  Overlord  
  67  5:21  Roach  
  77  5:25  Roach  
  79  5:29  Roach x2  
  79  5:35  Roach x2  
  87  5:41  Roach x2  
  91  5:48  Roach x2  
  91  5:49  Roach x2  
  99  5:53  Roach  
  101  5:57  Overlord  
  101  6:00  Roach x2  
  105  6:08  Overlord  
  105  6:13  Overlord  
  105  6:18  Roach x4  
  113  6:24  Overlord  
  113  6:29  Overlord  
  115  6:33  Roach x4  
  121  6:45  Roach x3  
  121  6:46  Roach x2  
  123  6:47  Roach  
  123  6:50  Roach  
  123  6:52  Roach  
  116  6:56  Roach  
  116  6:59  Roach  
  116  7:00  Roach  
  108  7:05  Roach  
  108  7:07  Roach x2  
  106  7:10  Roach  
  106  7:12  Roach  
  94  7:17  Roach  
  94  7:18  Roach  
  94  7:19  Roach  
  88  7:23  Roach  
  88  7:25  Roach  
  88  7:27  Roach  
  86  7:32  Roach  
  86  7:34  Roach  
  84  7:39  Queen  
  84  7:42  Roach x2  
  90  7:47  Roach  
  92  7:54  Queen  
  92  7:55  Roach x2  
  98  7:59  Ravager  
  98  8:04  Roach x2  
  103  8:08  Roach  
  105  8:16  Drone x4  
  105  8:17  Queen  
  111  8:24  Drone x2  
  111  8:26  Drone  
  114  8:33  Drone  
  115  8:34  Overseer  
  115  8:36  Drone  
  115  8:37  Drone  
  117  8:46  Drone x2  
  117  8:47  Drone x3, Extractor  
  121  8:49  Extractor  
  121  8:51  Roach  
  121  8:52  Ravager  
  121  8:53  Roach  
  125  9:00  Roach x2  
  125  9:01  Overlord  
  129  9:03  Roach x2  
  133  9:10  Roach x2  
  133  9:11  Overlord  
  133  9:16  Overlord  
  137  9:22  Roach x4  
  145  9:25  Drone, Overlord  
  145  9:26  Overlord  
  145  9:30  Zerg Missile Weapons Level 2  
  146  9:35  Roach x4  
  154  9:43  Ravager x2  
  154  9:44  Drone  
  157  9:55  Overseer  
  157  9:56  Hatchery  
  157  9:58  Roach x7  
  170  10:09  Overlord x3  
  170  10:12  Overlord  
  170  10:30  Roach x7  
  170  10:31  Roach x3  
  190  10:44  Roach x4  
  190  10:45  Roach x3  
  200  11:14  Overseer  
  196  11:20  Roach x3  
  196  11:21  Roach x2  
  196  11:24  Roach x3  
  196  11:35  Ravager x2  
  196  11:36  Ravager  
  197  11:49  Zerg Ground Armor Level 1  
  197  11:53  Roach  
  191  11:54  Roach  
  191  11:55  Roach  
  191  11:57  Roach x2  
  191  11:58  Roach  
  191  11:59  Roach x2  
  191  12:00  Roach x2  
  197  12:02  Roach  
  197  12:07  Ravager  
  198  12:12  Ravager x2  
  198  12:14  Roach  
  200  12:20  Spine Crawler  
  200  12:21  Spine Crawler  
  198  12:26  Extractor, Spire  
  196  12:32  Roach  
  196  12:33  Roach  
  200  12:47  Spine Crawler  
  200  12:49  Spine Crawler  
  198  12:54  Drone x2  
  198  12:56  Extractor  
  198  12:57  Extractor  
  196  13:12  Overseer  
  187  13:28  Roach x4  
  187  13:31  Roach x5  
  199  13:39  Mutalisk x6, Ravager  
  198  13:56  Drone x2  
  199  14:17  Drone x2  
  196  14:45  Overseer  
  194  14:51  Roach  
  188  14:53  Roach x3  
  188  14:57  Roach  
  188  14:59  Overlord  
  184  15:07  Roach x4  
  184  15:08  Overlord  
  184  15:11  Spine Crawler  
  184  15:12  Spine Crawler  
  190  15:16  Overlord  
  190  15:18  Ravager x2  
  190  15:19  Ravager  
  193  15:23  Roach x4  
  198  15:31  Pneumatized Carapace  
  198  15:35  Roach x2  
  186  15:45  Roach x10  
  198  15:55  Roach  
  200  16:04  Overseer  
  198  16:24  Roach x2  
  200  16:27  Roach Warren  
  197  16:37  Corruptor  
  157  16:49  Mutalisk x25  
  147  17:34  Roach x9  
  160  17:45  Roach x2  
  160  17:46  Roach  
Tags
 
Add a new tag
Caveats
  • Supply blocks, unpowered buildings, or Contaminate may cause inaccurate times.
  • Supply counts are checked every 10 seconds.